 Dungeon Crawl Stone Soup version 0.24-a0-512-g2b48af375b (webtiles) character file.

Game seed: 4634856783845967099

51917 Gynju the Bludgeoner (level 14, 0/88 HPs)
             Began as a Gargoyle Gladiator on July 20, 2019.
             Was an Elder of Qazlal.
             Slain by a torpor snail (9 damage)
             ... on level 6 of the Lair of Beasts.
             The game lasted 01:01:26 (17815 turns).

Gynju the Bludgeoner (Gargoyle Gladiator)          Turns: 17815, Time: 01:01:26

Health: 0/88       AC: 33    Str: 26    XL:     14   Next: 61%
Magic:  23/23      EV:  9    Int: 11    God:    Qazlal [****..]
Gold:   770        SH:  9    Dex: 15    Spells: 13/13 levels left

rFire    . . .     SeeInvis .   c - +0 great mace
rCold    x . .     Gourm    .   (shield currently unavailable)
rNeg     + + +     Faith    .   F - +1 plate armour
rPois    ∞         Spirit   .   s - +2 helmet
rElec    +         Reflect  +   o - +0 cloak "Plog" {-Cast rCorr Str+3 Slay+6}
rCorr    +         Harm     .   (no gloves)
MR       +....     NoCast   +   G - +1 pair of boots of the Turtledove {MR+}
Stlth    ..........             H - +4 amulet of reflection
HPRegen  0.24/turn              a - +4 ring of dexterity
MPRegen  0.18/turn              b - ring "Kystukeji" {rPois rC- rN+++ MR- Int+2}

@: flying, slowed, repel missiles, very slow
A: big wings, negative energy resistance 1, electricity resistance, unbreathing,
petrification resistance, rot immunity, AC +10
a: Stop Flying, Upheaval, Elemental Force, Renounce Religion


You were on level 6 of the Lair of Beasts.
You worshipped Qazlal.
Qazlal was greatly pleased with you.
You were hungry.

You visited 3 branches of the dungeon, and saw 17 of its levels.
You also visited: Sewer.

You collected 770 gold pieces.

Inventory:

Hand Weapons
 c - a +0 great mace (weapon)
 z - a +1 flail of crushing
Missiles
 d - 7 throwing nets
 h - 352 stones (quivered)
 v - 6 boomerangs
 w - 35 poisoned darts
Armour
 o - the +0 cloak "Plog" (worn) {-Cast rCorr Str+3 Slay+6}
   (You acquired it on level 9 of the Dungeon)

   It affects your strength (+3).
   It affects your accuracy and damage with ranged weapons and melee attacks
   (+6).
   It prevents spellcasting.
   It provides partial protection from all sources of acid and corrosion.
 s - a +2 helmet (worn)
 F - a +1 plate armour (worn)
 G - the +1 pair of boots of the Turtledove (worn) {MR+}
   (You acquired it on level 9 of the Dungeon)

   It affects your resistance to hostile enchantments.
Jewellery
 a - a +4 ring of dexterity (left hand)
 b - the ring "Kystukeji" (right hand) {rPois rC- rN+++ MR- Int+2}
   (You found it on level 8 of the Dungeon)

   [ring of intelligence]

   It affects your intelligence (+2).
   It makes you vulnerable to cold.
   It protects you from poison.
   It renders you almost immune to negative energy.
   It affects your resistance to hostile enchantments.
 H - a +4 amulet of reflection (around neck)
 Q - a +5 ring of protection {unknown}
 T - a cursed ring of teleportation {unknown}
Wands
 l - a wand of disintegration (10)
 I - a wand of flame (26)
 K - a wand of iceblast (15)
 P - a wand of paralysis (5)
 S - a wand of scattershot (4)
Scrolls
 e - 4 scrolls of teleportation
 g - a scroll of enchant armour
 j - 8 scrolls of remove curse
 n - a scroll of magic mapping
 p - 3 scrolls of fog
 t - 3 scrolls of blinking {unknown}
 y - a scroll of amnesia {unknown}
 A - 4 scrolls of fear
 J - 2 scrolls of holy word {unknown}
 L - 3 scrolls of noise {unknown}
 N - a scroll of vulnerability {unknown}
 R - 3 scrolls of identify
Potions
 i - 2 potions of agility {unknown}
 k - 2 potions of lignification
 m - 6 potions of might
 q - 2 potions of mutation
 r - 4 potions of magic
 u - 6 potions of heal wounds
 x - 9 potions of curing
 B - 2 potions of flight
 C - 3 potions of brilliance {unknown}
 D - 4 potions of invisibility
 E - a potion of cancellation {unknown}
 M - 2 potions of resistance {unknown}
 O - a potion of haste {unknown}
Comestibles
 f - 55 rations
 U - 4 chunks of flesh


   Skills:
 + Level 10.9 Fighting
 * Level 16.2 Maces & Flails
 - Level 5.3 Throwing
 + Level 10.5 Armour
 - Level 2.8 Dodging
 + Level 12.6 Invocations


You had 13 spell levels left.
You didn't know any spells.
Your spell library contained the following spells:

 Spells                   Type           Power        Failure   Level  Hunger
 Corona                   Hex            #......      97%         1    ##.....
 Freeze                   Ice            #...         97%         1    ##.....
 Magic Dart               Conj           #...         97%         1    ##.....
 Poisonous Vapours        Pois/Air       #.....       99%         2    ###....
 Searing Ray              Conj           #.....       99%         2    ###....
 Slow                     Hex            #.......     99%         2    ###....
 Throw Frost              Conj/Ice       #.....       99%         2    ###....
 Conjure Flame            Conj/Fire      #.......     100%        3    ####...
 Dazzling Spray           Conj/Hex       #.....       100%        3    ####...
 Inner Flame              Hex/Fire       #.......     100%        3    ####...
 Mephitic Cloud           Conj/Pois/Air  #.......     100%        3    ####...
 Ozocubu's Armour         Chrm/Ice       #.......     100%        3    ####...
 Portal Projectile        Hex/Tloc       #.....       100%        3    ####...
 Cause Fear               Hex            #.........   100%        4    #####..
 Force Lance              Conj/Tloc      #.......     100%        4    #####..
 Fulminant Prism          Conj/Hex       #.........   100%        4    #####..
 Iskenderun's Mystic Bla  Conj           #.......     100%        4    #####..
 Leda's Liquefaction      Hex/Erth       #.........   100%        4    #####..
 Summon Ice Beast         Ice/Summ       #.......     100%        4    #####..
 Throw Icicle             Conj/Ice       #.......     100%        4    #####..
 Freezing Cloud           Conj/Ice/Air   #.........   100%        6    #######
 Ring of Flames           Chrm/Fire      #.........   100%        7    #######


Dungeon Overview and Level Annotations

Branches:
Dungeon (10/15)            Temple (1/1) D:5            Lair (6/6) D:10
  Swamp (0/4) Lair:2       Spider (0/4) Lair:3
  Slime: Lair:5-6       Orc: D:9-12

Altars:
Ashenzari
Cheibriados
Dithmenos
Elyvilon
Fedhas
Gozag
Hepliaklqana
Kikubaaqudgha
Makhleb
Nemelex Xobeh
Okawaru
Qazlal
Ru
Sif Muna
Trog
Uskayaw
Vehumet
Wu Jian
Xom
Yredelemnul
Zin
The Shining One
Jiyva

Shops:
D:6 ?   D:7 =

Annotations:
Lair:4 exclusion: 3 oklob plants
Lair:6 1 runed translucent door


Innate Abilities, Weirdness & Mutations

You are resistant to torment.
Your stone body is resilient. (AC +10)
You are immune to poison.
Your large and strong wings let you fly indefinitely.
You resist negative energy. (rN+)
You are resistant to electric shocks. (rElec)
You can survive without breathing.
You are immune to petrification.
You are immune to rotting.


Message History

The lindwurm closely misses you.
You bludgeon the lindwurm!!
You kill the lindwurm!
Qazlal accepts your kill.
The hornet is struck by lightning.
You kill the hornet!
Qazlal accepts your kill. You block the tyrant leech's attack.
You bludgeon the torpor snail!!
The torpor snail is heavily wounded.
The tyrant leech bites you!
* * * LOW HITPOINT WARNING * * *
The torpor snail barely misses you.
You sock the torpor snail!
The torpor snail is severely wounded.
You block the tyrant leech's attack. You block the torpor snail's attack.
You sock the torpor snail!
The torpor snail is almost dead.
You block the tyrant leech's attack. The torpor snail bites you!
You die...

*,,**,* ****,,,,**
##..##.##**,$# **,,,**
*.#,,,*** #....###**,,$$
**,,,***#..,** ###..##
*,,$$$ *,*,,,*,...#*** ##..#
*,$.$* ******,,,....#,*
#...####$$**
*,,,****,.....#* ###..8#+#**
,,,,,* ***#..w.### ###...##
*,,,,* *#..†w.### #.##...#
*,,***
****,,#.w@○.#####...###
*,,,****,,,,,###..○.#.#...##
**,,,,,,,,,,** ###.......##
***,,,,***** #.##.P.###
****** ##*#####


You could see a tyrant leech and 2 torpor snails.

Vanquished Creatures
  Rupert (Lair:4)
  Gastronok (D:10)
  Snorg (Lair:4)
  5 hydras
  Harold (D:9)
  A two-headed ogre (D:10)
  6 death yaks (Lair:6)
  Sonja (Lair:5)
  2 unseen horrors (D:10)
  2 lindwurms (Lair:6)
  A wolf spider (Lair:6)
  2 oklob plants
  7 black mambas
  9 elephants
  6 spiny frogs
  3 torpor snails (Lair:6)
  A centaur zombie (D:10)
  2 rime drakes (Lair:6)
  10 komodo dragons
  A troll (D:10)
  7 hornets (Lair:6)
  A queen bee (Lair:2)
  2 tyrant leeches (Lair:6)
  2 polar bears (Lair:6)
  Prince Ribbit (D:8)
  12 blink frogs
  8 hippogriffs
  5 dream sheep
  A tarantella (Lair:3)
  22 yaks
  4 wyverns
  Grum (D:8)
  4 basilisks
  An acid dragon (D:10)
  A swamp worm (Lair:2)
  9 water moccasins
  Purgy (Sewer)
  9 porcupines
  3 black bears
  2 ice beasts
  3 phantoms
  A hornet zombie (D:10)
  A necrophage (D:8)
  5 sky beasts
  5 ogres
  40 wolves
  7 centaurs
  7 crocodiles
  5 big kobolds
  11 bullfrogs
  A wyvern zombie (D:8)
  13 jellies
  35 killer bees
  An electric eel (Lair:1)
  7 crimson imps
  8 hounds
  A bullfrog zombie (D:7)
  3 orc priests
  2 orc wizards
  2 iguanas (Lair:2)
  A hell rat (Lair:3)
  9 worker ants
  A hound skeleton (D:7)
  A howler monkey skeleton (D:4)
  4 gnolls (D:4)
  17 adders
  A shadow imp (D:7)
  18 oozes
  4 adder skeletons
  2 adder zombies
  4 worms
  A dart slug (D:3)
  7 leopard geckos
  31 orcs
  4 ball pythons
  5 bats
  11 giant cockroaches
  8 goblins
  8 hobgoblins
  7 jackals
  31 kobolds
  6 quokkas
  11 frilled lizards
  A jackal skeleton (D:6)
  A leopard gecko skeleton (D:7)
  A quokka skeleton (D:7)
  10 rats
  2 butterflies (Lair:4)
524 creatures vanquished.

Vanquished Creatures (others)
  2 bushes (Lair:6)
  19 fungi
  30 plants
51 creatures vanquished.

Grand Total: 575 creatures vanquished

Notes
Turn   | Place    | Note
-------+----------+-------------------------------------------
     0 | D:1      | Gynju the Gargoyle Gladiator began the quest for the Orb.
     0 | D:1      | Reached XP level 1. HP: 12/12 MP: 1/1
   244 | D:1      | Reached XP level 2. HP: 18/18 MP: 2/2
   843 | D:1      | Reached XP level 3. HP: 22/22 MP: 3/3
  1512 | D:2      | Reached XP level 4. HP: 27/27 MP: 4/4
  1865 | D:2      | Reached skill level 4 in Maces & Flails
  2573 | D:3      | Reached XP level 5. HP: 32/32 MP: 5/5
  2712 | D:3      | Reached skill level 5 in Maces & Flails
  3099 | D:3      | Reached XP level 6. HP: 33/36 MP: 6/6
  3537 | D:3      | Reached skill level 6 in Maces & Flails
  3615 | D:4      | Noticed a phantom
  3652 | D:4      | Killed a phantom
  3652 | D:4      | Reached skill level 7 in Maces & Flails
  3652 | D:4      | Reached XP level 7. HP: 40/40 MP: 7/7
  3897 | D:4      | Found a glowing drain.
  3929 | Sewer    | Entered a sewer
  3976 | Sewer    | Noticed Purgy
  3986 | Sewer    | Killed Purgy
  4221 | D:4      | Reached skill level 8 in Maces & Flails
  4401 | D:4      | Found a snail-covered altar of Cheibriados.
  4504 | D:5      | Entered Level 5 of the Dungeon
  4611 | D:5      | Reached XP level 8. HP: 23/45 MP: 8/8
  5047 | D:5      | Reached skill level 9 in Maces & Flails
  5076 | D:5      | Found a staircase to the Ecumenical Temple.
  5089 | Temple   | Entered the Ecumenical Temple
  5215 | Temple   | Became a worshipper of Qazlal Stormbringer
  5363 | D:5      | Reached skill level 1 in Invocations
  6244 | D:6      | Reached skill level 10 in Maces & Flails
  6266 | D:6      | Found Wuisug's Magic Scroll Boutique.
  6313 | D:6      | Reached XP level 9. HP: 49/49 MP: 12/12
  6315 | D:6      | Reached * piety under Qazlal
  6539 | D:7      | Reached skill level 5 in Invocations
  6569 | D:7      | Found Idoirong's Jewellery Shop.
  6804 | D:7      | Found a shadowy altar of Dithmenos.
  7117 | D:7      | Found a white marble altar of Elyvilon.
  7305 | D:8      | Reached ** piety under Qazlal
  7342 | D:8      | Reached skill level 11 in Maces & Flails
  7544 | D:8      | Noticed Grum
  7571 | D:7      | Reached XP level 10. HP: 47/56 MP: 15/15
  7574 | D:7      | Reached skill level 1 in Armour
  7659 | D:8      | Killed Grum
  7685 | D:8      | Found a bloodstained altar of Trog.
  7686 | D:8      | Found a glowing silver altar of Zin.
  7853 | D:8      | Found a hazy altar of Hepliaklqana.
  8069 | D:8      | Got a bound granite ring
  8091 | D:8      | Identified the ring "Kystukeji" {rPois rC- rN+++ MR- Int+2}
                  | (You found it on level 8 of the Dungeon)
  8108 | D:8      | Identified 3 scrolls of acquirement
  8109 | D:8      | Got a twisted executioner's axe
  8112 | D:8      | Identified the +3 executioner's axe of Jewyh {vamp, +Blink
                  | MR+ Int+3} (You acquired it on level 8 of the Dungeon)
  8165 | D:8      | Noticed Prince Ribbit
  8256 | D:8      | Killed Prince Ribbit
  8337 | D:8      | Found a sacrificial altar of Ru.
  8406 | D:9      | Reached skill level 12 in Maces & Flails
  8472 | D:9      | Got an ancient cloak
  8472 | D:9      | Got a pair of polished boots
  8478 | D:9      | Identified the +0 cloak "Plog" {-Cast rCorr Str+3 Slay+6}
                  | (You acquired it on level 9 of the Dungeon)
  8483 | D:9      | Identified the +1 pair of boots of the Turtledove {MR+}
                  | (You acquired it on level 9 of the Dungeon)
  8532 | D:9      | Reached *** piety under Qazlal
  8767 | D:9      | Noticed Harold
  8772 | D:9      | Killed Harold
  8772 | D:9      | Reached skill level 5 in Fighting
  8941 | D:9      | Reached XP level 11. HP: 58/64 MP: 17/17
  9318 | D:8      | Found a glowing golden altar of the Shining One.
  9354 | D:10     | Entered Level 10 of the Dungeon
  9413 | D:10     | Killed an unseen horror
  9595 | D:10     | Reached skill level 5 in Armour
  9615 | D:10     | Reached skill level 13 in Maces & Flails
  9715 | D:10     | Killed an unseen horror
  9757 | D:10     | Noticed Gastronok
  9790 | D:10     | Killed Gastronok
 10332 | D:10     | Found a staircase to the Lair.
 10408 | D:10     | Noticed a two-headed ogre
 10411 | D:10     | Killed a two-headed ogre
 10894 | Lair:1   | Entered Level 1 of the Lair of Beasts
 10904 | Lair:1   | Reached XP level 12. HP: 72/72 MP: 19/19
 10911 | Lair:1   | Reached skill level 10 in Invocations
 10911 | Lair:1   | Noticed a seven-headed hydra
 10924 | Lair:1   | Killed a seven-headed hydra
 11086 | Lair:1   | Reached skill level 14 in Maces & Flails
 11164 | Lair:1   | Found a hazy altar of Hepliaklqana.
 12355 | Lair:2   | Reached **** piety under Qazlal
 12933 | Lair:2   | Noticed an eight-headed hydra
 12936 | Lair:2   | Killed an eight-headed hydra
 12941 | Lair:2   | Reached XP level 13. HP: 78/80 MP: 9/21
 13030 | Lair:2   | Found a staircase to the Swamp.
 13804 | Lair:3   | Found a sparkling altar of Nemelex Xobeh.
 14055 | Lair:3   | Found a hole to the Spider Nest.
 14786 | Lair:4   | Noticed Snorg
 14789 | Lair:4   | Killed Snorg
 14789 | Lair:4   | Reached skill level 15 in Maces & Flails
 14915 | Lair:4   | Noticed Rupert
 14919 | Lair:4   | Killed Rupert
 14919 | Lair:4   | Reached skill level 5 in Throwing
 15662 | Lair:5   | Noticed Sonja
 15842 | Lair:5   | Reached skill level 10 in Fighting
 16025 | Lair:5   | Gained mutation: Your large and strong wings let you fly
                  | indefinitely. [Gargoyle growth]
 16025 | Lair:5   | Reached XP level 14. HP: 88/88 MP: 21/23
 16036 | Lair:5   | Killed Sonja
 16383 | Lair:5   | Found a viscous altar of Jiyva.
 16383 | Lair:5   | You are sucked into a shaft and drop 1 floor!
 16383 | Lair:6   | Entered Level 6 of the Lair of Beasts
 16508 | Lair:6   | Reached skill level 10 in Armour
 17083 | Lair:6   | Found an ancient bone altar of Kikubaaqudgha.
 17249 | Lair:6   | Reached skill level 16 in Maces & Flails
 17771 | Lair:6   | Found a runed translucent door.
 17815 | Lair:6   | Slain by a torpor snail

Levels and vault maps discovered:
D:1:      psy_arrival_whirlpool, layout_basic, serial_forest,
          infiniplex_forest_zigzag_1, infiniplex_forest_lined_room_3,
          infiniplex_forest_straight_2, infiniplex_forest_straight_3,
          infiniplex_forest_lined_1
D:2:      layout_loops_ring, minmay_split_cup_large
D:3:      layout_basic, first_ration, minmay_misc_feat_hallway
D:4:      layout_cave_pools, cheibriados_altar_1, gup_sewer_entry_glass
D:5:      layout_basic, minmay_temple_entry_hall
D:6:      layout_loops_ring, serial_shops, kennysheep_mini,
          kennysheep_generic_room_10
D:7:      layout_loops_ring, elyvilon_altar_5,
          nicolae_dithmenos_through_a_glass_darkly, serial_shops, shop,
          feat_on_display
D:8:      layout_basic, lemuel_crystal_altar, nicolae_ru_path_of_blood,
          nicolae_overflow_hidden_temple, nrook_uturn, uniq_grum,
          uniq_prince_ribbit1
D:9:      layout_loops_ring, hangedman_little_slice_of_home, uniq_harold
D:10:     layout_basic, erik_lair_dragon, uniq_gastronok
Temple:   eino_temple_water
Lair:1:   layout_gridlike, basic_altar, lemuel_fruit_tree
Lair:2:   layout_gridlike, palyth_hydra_swamp_entry, special_room
          [special_room_bee]
Lair:3:   lemuel_slime, layout_regular_city, spider_nest_entry_rubble,
          nicolae_volcano_entry_s_turn, basic_altar, minivault_24, st_stairs_3
Lair:4:   layout_long_grid, minmay_lair_oklob_chamber, grunt_megastairs_1,
          lemuel_fruit_fields, uniq_snorg, uniq_rupert
Lair:5:   layout_hall_layers, slime_altar_1, chequers_serial_rivers_small_3,
          wad_woods_road_02, grunt_forest_large_clearings, uniq_sonja
Lair:6:   hangedman_lair_in_review, layout_concentric_octagons, wormcave,
          gauntlet_entry_generic, basic_altar, minmay_shattered_shrine

Skill      XL: |  1  2  3  4  5  6  7  8  9 10 11 12 13 14 |
---------------+-------------------------------------------+-----
Throwing       | 2 3 5 |  5.3
Maces & Flails | 4 5 7 8 10 11 12 13 14 15 16 | 16.2
Invocations    | 4 7 8 9 11 12 | 12.6
Fighting       | 3 5 7 8 10 | 10.9
Armour         | 4 6 8 9 10 | 10.5
Dodging        | |  2.8

Action                   |  1- 3 |  4- 6 |  7- 9 | 10-12 | 13-15 || total
-------------------------+-------+-------+-------+-------+-------++-------
Melee: Flail             |   114 |   208 |   519 |   421 |       ||  1262
       Great mace        |       |       |       |   122 |   454 ||   576
Throw: Stone             |    10 |   153 |   188 |   187 |    80 ||   618
       Boomerang         |       |     1 |       |       |       ||     1
Invok: Upheaval          |       |       |     1 |    15 |    10 ||    26
 Abil: Fly               |       |       |       |       |     1 ||     1
  Use: Scroll            |       |       |       |    23 |     3 ||    26
       Potion            |       |       |       |       |     1 ||     1
  Eat: Chunk             |     2 |     7 |    13 |    18 |    15 ||    55
Armor: Leather armour    |    39 |    67 |       |       |       ||   106
       Ring mail         |       |    56 |    28 |       |       ||    84
       Plate armour      |       |       |   378 |   321 |   289 ||   988
Dodge: Dodged            |    80 |   138 |   181 |   186 |   175 ||   760
       Deflected         |       |       |       |       |     1 ||     1
Block: Other             |       |       |    25 |   152 |   212 ||   389
       Reflection        |       |       |       |     1 |     2 ||     3

Table legend:
 A = Non-vault XP
 B = Vault XP
 C = Vault XP percentage of total XP
 D = Non-vault monster count
 E = Vault monster count
 F = Vault count percentage of total count
                 A         B        C        D         E       F
            +---------+---------+-------+---------+---------+-------
      Total |   44001 |   30167 |  40.7 |     372 |     150 |  28.7
            +---------+---------+-------+---------+---------+-------
        D:1 |      40 |       0 |   0.0 |      23 |       0 |   0.0
        D:2 |     106 |      18 |  14.5 |      36 |       4 |  10.0
        D:3 |     261 |       0 |   0.0 |      26 |       0 |   0.0
        D:4 |     431 |      20 |   4.4 |      21 |       4 |  16.0
        D:5 |     572 |       0 |   0.0 |      20 |       0 |   0.0
        D:6 |     777 |       2 |   0.3 |      23 |       1 |   4.2
        D:7 |    1017 |     456 |  31.0 |      25 |       4 |  13.8
        D:8 |    2180 |     448 |  17.0 |      37 |       2 |   5.1
        D:9 |    1899 |    1134 |  37.4 |      20 |       9 |  31.0
       D:10 |    5744 |    3360 |  36.9 |      35 |       7 |  16.7
     Lair:1 |    5564 |       0 |   0.0 |      23 |       0 |   0.0
     Lair:2 |    5392 |    3867 |  41.8 |      24 |      29 |  54.7
     Lair:3 |    5348 |    1751 |  24.7 |      16 |      24 |  60.0
     Lair:4 |    1665 |    6550 |  79.7 |       7 |       9 |  56.2
     Lair:5 |    3296 |    4347 |  56.9 |      16 |      29 |  64.4
     Lair:6 |    9709 |    8059 |  45.4 |      20 |      22 |  52.4
      Sewer |       0 |     155 | 100.0 |       0 |       6 | 100.0
            +---------+---------+-------+---------+---------+-------
